 Dungeon Crawl Stone Soup version 0.26-a0-1021-gda264ca44c (webtiles) character file.

Game seed: 1445147938867789243

5397 streetpizza the Destroyer (level 10, -5/64 HPs)
             Began as a Gargoyle Conjurer on Dec 8, 2020.
             Was an Initiate of Vehumet.
             Slain by a troll (8 damage)
             ... on level 9 of the Dungeon.
             The game lasted 00:43:58 (10962 turns).

streetpizza the Destroyer (Gargoyle Conjurer)      Turns: 10962, Time: 00:43:59

Health: -5/64      AC: 16    Str: 14    XL:     10   Next: 66%
Magic:  12/22      EV: 13    Int: 25    God:    Vehumet [......]
Gold:   64         SH:  0    Dex:  8    Spells: 19/26 levels left

rFire    + . .     SeeInvis .   w - +7 hand crossbow of Rotation {venom, rPois rF+ Will+ Str+4}
rCold    . . .     Faith    .   (no shield)
rNeg     + . .     Spirit   .   F - +2 robe {Archmagi}
rPois    ∞         Reflect  .   (no helmet)
rElec    +         Harm     .   (no cloak)
rCorr    .         Rampage  .   (no gloves)
Will     +....                  i - +0 pair of boots
Stlth    ++........             A - amulet of magic regeneration
HPRegen  0.20/turn              B - ring "Binyism" {MP-9 AC+4 Int+2 Slay+3}
MPRegen  0.43/turn              C - ring of magical power

@: no status effects
A: negative energy resistance 1, electricity resistance, unbreathing,
petrification resistance, rot immunity, AC +7
a: Renounce Religion


You were on level 9 of the Dungeon.
You worshipped Vehumet.
Vehumet was noncommittal.
You visited 2 branches of the dungeon, and saw 10 of its levels.
You also visited: Sewer.

You collected 656 gold pieces.
You spent 592 gold pieces at shops.

Inventory:

Hand Weapons
 p - a +3 whip
 u - a +3 dagger of venom
 w - the +7 hand crossbow of Rotation (weapon) {venom, rPois rF+ Will+ Str+4}
   (You bought it in a shop on level 4 of the Dungeon)

   It poisons the ammo it fires.
   It affects your strength (+4).
   It protects you from fire.
   It protects you from poison.
   It affects your willpower, your defense against some magical effects.
Missiles
 q - 13 poisoned darts
 x - 85 bolts (quivered ammo)
Armour
 a - a +0 robe
 i - a +0 pair of boots (worn)
 F - a +2 robe of the Archmagi (worn)
Jewellery
 f - an uncursed amulet of the acrobat
 j - an uncursed ring of positive energy
 v - an uncursed ring of see invisible
 y - an uncursed ring of stealth
 A - an amulet of magic regeneration (around neck)
 B - the ring "Binyism" (left hand) {MP-9 AC+4 Int+2 Slay+3}
   (You found it on level 5 of the Dungeon)

   [ring of protection]

   It affects your AC (+4).
   It affects your intelligence (+2).
   It affects your accuracy and damage with ranged weapons and melee attacks
   (+3).
   It affects your magic capacity (-9).
 C - a ring of magical power (right hand)
 G - a +6 ring of dexterity
Wands
 I - a wand of enslavement (11)
 L - a wand of flame (17)
 M - a wand of iceblast (10)
Scrolls
 b - 3 scrolls of fear {unknown}
 c - 7 scrolls of identify {unknown}
 d - 4 scrolls of remove curse {unknown}
 h - 4 scrolls of magic mapping
 k - 7 scrolls of teleportation {unknown}
 l - 3 scrolls of blinking
 o - 2 scrolls of fog
 D - 2 scrolls of amnesia
 J - 2 scrolls of immolation
Potions
 e - 6 potions of curing
 g - 2 potions of magic {unknown}
 m - 2 potions of flight {unknown}
 n - a potion of heal wounds {unknown}
 r - 3 potions of haste {unknown}
 s - 2 potions of brilliance {unknown}
 t - 2 potions of ambrosia {unknown}
 z - 3 potions of berserk rage
 E - a potion of attraction {unknown}
 H - a potion of might {unknown}
 K - a potion of resistance {unknown}


   Skills:
 + Level 7.9 Fighting
 - Level 4.0 Dodging
 - Level 2.1 Stealth
 * Level 8.6 Spellcasting
 * Level 11.0 Conjurations


You had 19 spell levels left.
You knew the following spells:

 Your Spells              Type           Power        Failure   Level
a - Magic Dart            Conj           ####         1%          1
b - Searing Ray           Conj           ######       1%          2
c - Iskenderun's Mystic   Conj/Tloc      ######..     6%          4

Your spell library contained the following spells:

 Spells                   Type           Power        Failure   Level
 Dazzling Flash           Conj/Hex       ######       1%          3
 Animate Skeleton         Necr           ###...       6%          1
 Apportation              Tloc           ###...       6%          1
 Corona                   Hex            ###....      6%          1
 Pain                     Necr           ###.         6%          1
 Summon Small Mammal      Summ           ###.         6%          1
 Fulminant Prism          Conj/Hex       ######....   6%          4
 Vampiric Draining        Necr           ###.......   17%         3
 Animate Dead             Necr           ###.......   50%         4
 Agony                    Necr           ###.....     85%         5


Dungeon Overview and Level Annotations

Branches:
Dungeon (9/15)             Temple (1/1) D:6             Orc (0/2) D:9
  Sewer (visited)
   Lair: D:8-11

Altars:
Ashenzari
Cheibriados
Dithmenos
Fedhas
Gozag
Hepliaklqana
Kikubaaqudgha
Makhleb
Nemelex Xobeh
Okawaru
Qazlal
Ru
Sif Muna
Trog
Uskayaw
Vehumet
Wu Jian
Xom
Zin
The Shining One

Shops:
D:4 (!((}   D:6 [   D:8 (   D:9 ?


Innate Abilities, Weirdness & Mutations

You are resistant to torment.
Your stone body is resilient. (AC +7)
You are immune to poison.
You resist negative energy. (rN+)
You are resistant to electric shocks. (rElec)
You can survive without breathing.
You are immune to petrification.
You are immune to rotting.


Message History

The troll bites you!
* * * LOW HITPOINT WARNING * * *
The troll claws you!
* * * LOW HITPOINT WARNING * * *
The troll barely misses you.
Your Conjurations skill increases to level 11!
The searing ray hits the troll!
The troll is severely wounded.
The troll bites you!
* * * LOW HITPOINT WARNING * * *
The troll barely misses you. x2
The searing ray misses the troll.
The searing ray hits the big kobold!
The big kobold is moderately wounded.
The troll closely misses you. The troll barely misses you.
The troll claws you but does no damage.
The searing ray hits the troll!
The troll is almost dead.
The searing ray misses the big kobold.
You finish channeling your searing ray.
The troll bites you!
You die...

#.####'#....#
#######.# #.####.#
#...O.T.# #.# #.#
#T###♣######.# #.#
#O#..[.<#....# #.#
#.#.♣∩♣##.#### #.#
#.#.......# #.#
#.###♣###########)#
#.........o..K)T@.#
###################


You could see a troll, a big kobold and an orc.

Vanquished Creatures
  Pikel (D:4)
  A manticore (D:7)
  5 yaks (D:7)
  The ghost of Tarl the Shield-Bearer, an amateur MiFi (D:7)
  Menkaure (D:4)
  4 orc warriors
  3 sky beasts
  A black bear (D:7)
  An ice beast (D:8)
  2 phantoms
  3 ogres
  4 centaurs
  2 bullfrogs
  3 gnoll sergeants (D:9)
  A wyvern skeleton (D:7)
  A water moccasin zombie (D:7)
  2 scorpions
  5 killer bees (D:7)
  3 wights (D:7)
  3 quasits (D:7)
  A hound (D:7)
  4 orc priests
  A jelly (D:7)
  4 orc wizards
  4 centaur skeletons
  4 iguanas
  4 worker ants
  10 gnolls
  5 adders
  3 white imps
  An ufetubus (D:7)
  An ooze (D:1)
  An adder skeleton (D:5)
  4 worms
  6 leopard geckos
  18 orcs
  4 ball pythons
  2 bats
  8 giant cockroaches
  5 goblins
  10 hobgoblins
  14 jackals
  5 quokkas
  6 frilled lizards
  A jackal skeleton (D:4)
  16 kobolds
  A leopard gecko zombie (D:6)
  A quokka skeleton (D:6)
  5 rats
196 creatures vanquished.

Vanquished Creatures (others)
  19 plants (Sewer)
19 creatures vanquished.

Grand Total: 215 creatures vanquished

Notes
Turn   | Place    | Note
-------+----------+-------------------------------------------
     0 | D:1      | streetpizza the Gargoyle Conjurer began the quest for the
                  | Orb.
     0 | D:1      | Reached XP level 1. HP: 10/10 MP: 3/3
   224 | D:1      | Reached XP level 2. HP: 16/16 MP: 0/5
   391 | D:1      | Learned a level 2 spell: Searing Ray
   526 | D:1      | Reached skill level 1 in Fighting
   794 | D:1      | Reached XP level 3. HP: 20/20 MP: 2/6
  1891 | D:2      | Reached XP level 4. HP: 14/26 MP: 3/7
  2556 | D:3      | Reached skill level 5 in Conjurations
  2608 | D:3      | Reached XP level 5. HP: 20/30 MP: 0/9
  2684 | D:3      | HP: 1/30 [orc priest/divine providence (13)]
  3128 | D:3      | Found a glowing drain.
  3137 | Sewer    | Entered a sewer
  4146 | D:4      | Found Luicarog's Weapon Shop.
  4215 | D:4      | Reached XP level 6. HP: 33/36 MP: 10/10
  4544 | D:4      | Noticed Menkaure
  4564 | D:4      | Killed Menkaure
  4746 | D:4      | Reached XP level 7. HP: 33/41 MP: 5/12
  4750 | D:4      | Noticed Pikel
  4754 | D:4      | Paralysed by Pikel for 5 turns
  4788 | D:4      | Killed Pikel
  4789 | D:4      | Reached skill level 6 in Conjurations
  4789 | D:4      | Reached XP level 8. HP: 39/48 MP: 3/14
  4960 | D:4      | Found Kiquin's Weapon Shop.
  5010 | D:4      | Found Irimoil's Antique Weapon Boutique.
  5174 | D:4      | Bought a dazzling hand crossbow for 204 gold pieces
  5174 | D:4      | Identified the +7 hand crossbow of Rotation {venom, rPois
                  | rF+ Will+ Str+4} (You bought it in a shop on level 4 of the
                  | Dungeon)
  5409 | D:4      | Found Leusah's Distillery.
  5415 | D:4      | Bought a potion of berserk rage for 50 gold pieces
  5415 | D:4      | Bought a potion of degeneration for 10 gold pieces
  5415 | D:4      | Bought a potion of curing for 30 gold pieces
  5947 | D:4      | Found Jeosor's Gadget Emporium.
  6037 | D:5      | Entered Level 5 of the Dungeon
  6113 | D:5      | Found a bloodstained altar of Trog.
  6122 | D:5      | Reached skill level 5 in Fighting
  6122 | D:5      | Reached skill level 7 in Conjurations
  6253 | D:5      | Found a shimmering blue altar of Sif Muna.
  6255 | D:5      | Got a faintly glowing lapis lazuli ring
  6262 | D:5      | Identified the ring "Binyism" {MP-9 AC+4 Int+2 Slay+3} (You
                  | found it on level 5 of the Dungeon)
  6789 | D:6      | Reached skill level 5 in Spellcasting
  7088 | D:6      | Found a staircase to the Ecumenical Temple.
  7105 | Temple   | Entered the Ecumenical Temple
  7695 | D:6      | Found Kobuifoi's Antique Armour Shoppe.
  8040 | D:7      | Found a sacrificial altar of Ru.
  8070 | D:7      | Reached skill level 8 in Conjurations
  8185 | D:7      | Reached XP level 9. HP: 55/55 MP: 17/17
  8319 | D:7      | Found a hazy altar of Hepliaklqana.
  8463 | D:7      | Noticed a manticore
  8470 | D:7      | Learned a level 4 spell: Iskenderun's Mystic Blast
  8476 | D:7      | Killed a manticore
  8477 | D:7      | Reached skill level 9 in Conjurations
  8876 | D:7      | Reached XP level 10. HP: 58/63 MP: 21/21
  8907 | D:7      | Found a transporter.
  8915 | D:7      | Noticed Tarl's ghost (amateur MiFi)
  8921 | D:7      | Found a transporter.
  8949 | D:7      | Reached skill level 10 in Conjurations
  9222 | D:7      | Found a glowing golden altar of the Shining One.
  9529 | D:7      | Found a bloodstained altar of Trog.
  9763 | D:7      | Killed Tarl's ghost
  9868 | D:8      | Found Watuerr's Antique Weapon Shoppe.
 10206 | D:8      | Found a hide-covered altar of Uskayaw.
 10218 | D:8      | Found an ornate altar of the Wu Jian Council.
 10606 | D:8      | Found an opulent altar of Gozag.
 10802 | D:8      | Found a glowing silver altar of Zin.
 10805 | D:8      | Found a radiant altar of Vehumet.
 10808 | D:8      | Found an iron altar of Okawaru.
 10812 | D:8      | Became a worshipper of Vehumet
 10835 | D:9      | Found Viuxt's Magic Scroll Shop.
 10839 | D:9      | Bought a scroll of blinking for 112 gold pieces
 10839 | D:9      | Bought a scroll of amnesia for 52 gold pieces
 10839 | D:9      | Bought a scroll of fog for 30 gold pieces
 10839 | D:9      | Bought a scroll of magic mapping for 52 gold pieces
 10839 | D:9      | Bought a scroll of immolation for 52 gold pieces
 10906 | D:9      | Found a staircase to the Orcish Mines.
 10960 | D:9      | Reached skill level 11 in Conjurations
 10960 | D:9      | HP: 3/64 [troll (7)]
 10962 | D:9      | Slain by a troll

Illustrated notes

Levels and vault maps discovered:
D:1:      dpeg_arrival_boxorama, layout_basic, moated_statue
D:2:      layout_rooms, serial_co_window_serial, co_window_paths_b,
          co_window_cross_1, co_window_corner_a, co_window_paths_a,
          co_window_paths_a, co_window_paths_b, co_window_of_opportunity_a,
          co_window_corner_b, co_window_unsneaky_path_d, co_window_2corner,
          co_window_of_opportunity_c, co_window_unsneaky_path_e,
          co_window_of_opportunity_b, co_window_2corner, co_window_paths_d,
          glass_columns_a, glass_columns_a, glass_columns_b, glass_columns_b,
          glass_columns_a, minmay_goblin_outpost
D:3:      layout_rooms, cheibrodos_sewer_entry_bend
D:4:      layout_layer_cave, serial_shops, shop, nicolae_shop_trees,
          kennysheep_mini, shop, nicolae_shop_statue_plus,
          kennysheep_small_circle, uniq_menkaure, uniq_pikel
D:5:      layout_basic, grunt_temple_overflow_open, gammafunk_ghost_stat_death
D:6:      layout_basic, minmay_temple_entry_purple_smoke, serial_shops,
          kennysheep_little_box, kennysheep_small_spiral, lemuel_flame_loot_1
D:7:      layout_loops_ring, lemuel_doored_altar, lemuel_crystal_altar,
          tso_metal_star, gammafunk_ghost_stat_death, trog_butcher_becter
D:8:      layout_basic, eat_drink_and_be_merry_uskayaw,
          grunt_temple_overflow_diamond, grunt_gozag_statues, serial_shops,
          shop, lemuel_statue_altar
D:9:      layout_basic, elyvilon_altar_3, lemuel_crystal_altar,
          kennysheep_orc_monster_closet_entryway, serial_shops,
          nicolae_shop_trees
Temple:   jpeg_temple_alley_garden

Skill      XL: |  1  2  3  4  5  6  7  8  9 10 |
---------------+-------------------------------+-----
Fighting       | 1 2 3 4 5 7 |  7.9
Dodging        | 2 3 4 |  4.0
Conjurations   | 5 6 8 9 11 | 11.0
Spellcasting   | 3 4 5 7 8 |  8.6
Stealth        | |  2.1

Action                   |  1- 3 |  4- 6 |  7- 9 | 10-12 || total
-------------------------+-------+-------+-------+-------++-------
Melee: Club              |     5 |       |       |       ||     5
       Whip              |    40 |   150 |     5 |     8 ||   203
       Dagger            |       |       |    90 |     8 ||    98
 Fire: Hand crossbow     |       |       |    13 |    24 ||    37
 Cast: Magic Dart        |    43 |     3 |     6 |       ||    52
       Searing Ray       |     3 |    18 |    25 |    25 ||    71
       Iskenderun's Myst |       |       |       |     2 ||     2
 Stab: Sleeping          |       |     1 |     1 |       ||     2
Armor: Robe              |    23 |    62 |    54 |    22 ||   161
Dodge: Dodged            |    35 |    85 |    84 |    37 ||   241

Table legend: (Time is in decaauts)
 A = Elapsed time spent in this place.
 B = Non-inter-level travel time spent in this place.
 C = Inter-level travel time spent in this place.
 D = Time resting spent in this place.
 E = Time spent auto-exploring this place.
 F = Levels seen in this place.
 G = Mean time per level.
                   A        B        C        D        E       F      G
               +--------+--------+--------+--------+--------+-----+--------+
         Total |  11155 |  10630 |    525 |    257 |   8499 |  11 | 1014.1 |
       Dungeon |   9987 |   9498 |    489 |    257 |   7692 |   9 | 1109.7 |
        Temple |    251 |    215 |     36 |      0 |    214 |   1 |  251.0 |
         Sewer |    916 |    916 |      0 |      0 |    593 |   1 |  916.0 |
               +--------+--------+--------+--------+--------+-----+--------+

Top non-repeatable levels by time:
     D:7: 1831 daAuts
     D:4: 1804 daAuts
     D:2: 1601 daAuts
     D:6: 1119 daAuts
     D:8: 1002 daAuts
     D:1: 993 daAuts
   Sewer: 916 daAuts
     D:3: 910 daAuts
     D:5: 598 daAuts
  Temple: 251 daAuts
     D:9: 126 daAuts
